cohdb
Replays
Latest Replays
All Replays
Popular Replays
Top Player Replays
Match Explorer
How It Works
Community
CoH3 Stats
Reddit
Sign in to upload your games and track your stats! →
Sign in with Steam
Match 46099968
Unlisted
Match 46099968
Overview
Messages
Build Orders
End
250 Light Carrier
Selects Italian Infantry
Panzergrenadier Squad
Panzerpioneer Squad
Construct Light Support Kompanie
MG34 Team
Selects Guastatori Squad
Guastatori Squad
Panzerjäger Mechanized Group
Construct Mechanized Kompanie
Selects Defensive Operations
Construct Panzerarmee Kommand
Guastatori Squad
Fire Support Elements
Pak 38 Mechanized Group
Titans Ground Force
mec
旺仔牛奶糖
gipsy danger
MillenniumKnight
Phil
DireRadiant
Sauceram
0
0
Comments
sign in to comment!
No comments posted yet!